 Dungeon Crawl Stone Soup version 0.16.1-11-g651b585 (webtiles) character file.

188 hulla the Stinger (level 5, -1/33 HPs)
             Began as an Octopode Transmuter on Apr 1, 2015.
             Slain by a gnoll
             ... wielding a +0 spear
              (8 damage)
             ... on level 3 of the Dungeon.
             The game lasted 00:12:04 (2834 turns).

hulla the Stinger (Octopode Transmuter)             Turns: 2834, Time: 00:12:04

Health: -1/33      AC:  2    Str:  9    XL:     5   Next: 67%
Magic:  7/9        EV: 20    Int: 16    God:
Gold:   178        SH:  0    Dex: 18    Spells: 3 memorised, 2 levels left

rFire  . . .     SeeInvis .     a - melded +0 hunting sling
rCold  . . .     Clarity  .     (shield currently unavailable)
rNeg   + . .     SustAb   .     (helmet currently unavailable)
rPois  x         Gourm    .     (no amulet)
rElec  .         Spirit   .     o - ring of positive energy
rCorr  .         Warding  .     (no ring)
rMut   .         Stasis   .     (no ring)
MR     .....                    (no ring)
Stlth  ++........               (no ring)
                                (no ring)
                                (no ring)
                                (no ring)

@: lethally poisoned (-1 -> -24), spider-form, not resistant to hostile
enchantments, unstealthy
A: almost no armour, amphibious, 8 rings, (constrict 8), (camouflage 0),
(gelatinous body 0)
a: End Transformation


You were on level 3 of the Dungeon.
You were not hungry.
You were a venomous arachnid creature.
You visited 1 branch of the dungeon, and saw 3 of its levels.

You collected 178 gold pieces.

Inventory:

Hand weapons
 a - a +0 hunting sling (melded)
 r - a +2 quarterstaff of chaos
 s - a +2 dagger of speed
 t - a +2 dagger of draining
 u - a +0 blowgun
Missiles
 b - 12 arrows
 l - 61 stones (quivered)
 v - 21 poisoned needles
Jewellery
 o - a ring of positive energy (left front leg)
Magical devices
 q - a wand of fireball (4)
Scrolls
 c - 2 scrolls of remove curse {unknown}
 k - 2 scrolls of identify
 n - a scroll of blinking {unknown}
 p - a scroll of immolation {unknown}
Potions
 h - 2 potions of invisibility
 m - a potion of brilliance {unknown}
Books
 d - a book of Changes

   Spells                             Type                      Level
   a - Beastly Appendage              Transmutation                1
   b - Sticks to Snakes               Transmutation                2
   c - Spider Form                    Transmutation/Poison         3
   d - Ice Form                       Ice/Transmutation            4
   e - Blade Hands                    Transmutation                5
Comestibles
 e - 3 bread rations
 f - 2 slices of pizza
 g - a beef jerky
 i - 4 meat rations
 j - 6 chunks of flesh


   Skills:
 + Level 1.2 Fighting
 + Level 2.0 Dodging
 - Level 3.0 Unarmed Combat
 - Level 2.0 Spellcasting
 + Level 4.0 Transmutations
 - Level 4.3 Poison Magic


You had 2 spell levels left.
You knew the following spells:

 Your Spells              Type           Power        Failure   Level  Hunger
a - Beastly Appendage     Trmt           ##....       14%         1    #......
b - Spider Form           Trmt/Pois      ###.......   28%         3    ###....
c - Sticks to Snakes      Trmt           ##........   21%         2    ###....


Dungeon Overview and Level Annotations

Branches:
Dungeon (3/15)

Altars:
Gozag
Okawaru


Innate Abilities, Weirdness & Mutations

You cannot wear most types of armour.
You are amphibious.
You can wear up to eight rings at the same time.
((You can use your tentacles to constrict many enemies at once.))
((Your skin changes colour to match your surroundings (Stealth).))
((Your rubbery body absorbs attacks (AC +1).))


Message History

The gnoll hits you with a whip of venom.
You are lethally poisoned!
You hit the gnoll.
You kill the gnoll!
You feel sick.
You feel very sick. The gnoll barely misses you.
A gnoll comes into view. It is wielding a whip.
You see here a whip of venom.
You feel sick.
The gnoll shouts!
The gnoll misses you.
You barely miss the gnoll.
You feel sick. The gnoll completely misses you. The gnoll misses you.
You hit the gnoll.
The gnoll is lightly wounded.
You feel sick. The gnoll hits you with a whip.
* * * LOW HITPOINT WARNING * * *
The gnoll hits you from afar with a spear!
You die...

......##.......##
#.........#
......####.....#
#.........#
...........<...#
#.........#
......####.....#
###.##.##### ......#
##.#..#####...##.# .....##
#..##.###.#.####.#
......###..##.......# #.#
.......##.#....#.).#####.#
......##....#.##s..# #...#
......##..##...gg..###...##
......#...##...g...##.....#
.............(.##.###.....#
....#....................##
......##.#..##########...#
......##.#..# #.#.#
............# ######.#.#
............# #....รท.#.#


You could see 3 gnolls.

Vanquished Creatures
  Crazy Yiuf (D:3)
  An orc wizard (D:3)
  A gnoll (D:3)
  5 adders
  A giant mite (D:2)
  2 worms (D:2)
  3 giant geckos (D:1)
  4 orcs (D:3)
  8 bats
  A giant cockroach (D:3)
  9 goblins
  5 hobgoblins
  5 kobolds
  6 giant newts
  A quokka (D:3)
  6 rats
59 creatures vanquished.

Notes
Turn   | Place    | Note
--------------------------------------------------------------
     0 | D:1      | hulla, the Octopode Transmuter, began the quest for the Orb.
     0 | D:1      | Reached XP level 1. HP: 13/13 MP: 3/3
     0 | D:1      | Noticed a human skeleton
     1 | D:1      | Noticed a human skeleton
     3 | D:1      | Noticed a merfolk skeleton
    12 | D:1      | Noticed a vine stalker skeleton
    14 | D:1      | Noticed an elf skeleton
    79 | D:1      | Reached XP level 2. HP: 13/18 MP: 4/4
   354 | D:1      | Found an iron altar of Okawaru.
   422 | D:1      | Reached XP level 3. HP: 10/23 MP: 4/6
   435 | D:1      | Learned a level 3 spell: Spider Form
   438 | D:1      | Learned a level 2 spell: Sticks to Snakes
   950 | D:2      | Reached skill level 4 in Transmutations
  1203 | D:2      | Found an opulent altar of Gozag.
  1246 | D:2      | Reached XP level 4. HP: 4/28 MP: 5/7
  1577 | D:2      | Reached skill level 1 in Poison Magic
  2249 | D:3      | Noticed Crazy Yiuf
  2256 | D:3      | Killed Crazy Yiuf
  2408 | D:3      | Reached XP level 5. HP: 21/33 MP: 6/9
  2834 | D:3      | Slain by a gnoll

Action                   |  1- 3 |  4- 6 || total
-------------------------+-------+-------++-------
Melee: Unarmed           |    71 |    79 ||   150
       Quarterstaff      |       |     9 ||     9
 Fire: Hunting sling     |       |     8 ||     8
Throw: Stone             |       |     1 ||     1
 Cast: Beastly Appendage |    11 |    12 ||    23
       Spider Form       |       |     6 ||     6
  Use: Scroll            |     3 |       ||     3
       Potion            |     2 |       ||     2
 Stab: Sleeping          |     2 |     4 ||     6
  Eat: Bread ration      |     1 |       ||     1
       Chunk             |       |     3 ||     3
